Map: Dusty Gorge

Players

Massa - Winner!

  • Race: Terran Terran
  • League: Gold
  • Spawn Location: 11:00

qqq - Winner!

  • Race: Zerg Zerg
  • League: Platinum
  • Spawn Location: 9:00

nOx

  • Race: Zerg Zerg
  • Spawn Location: 3:00

Shadow

  • Race: Terran Terran
  • Spawn Location: 5:00

VOD

Have the link to the VOD?

Description

Time

  • Played on: April 27, 2020, 12:25 p.m.
  • Length: 4:30
Show
View Real Time Build Order
Export as new Build Order

Massa Terran - Winner!

Build Orders:  

Get SALT Encoding   

  12  0:12  Supply Depot  
  12  0:13  SCV  
  13  0:25  SCV  
  14  0:35  Barracks  
  14  0:37  SCV  
  15  0:56  SCV, Supply Depot  
  16  1:08  SCV  
  17  1:11  Barracks  
  17  1:24  SCV, Barracks  
  18  1:39  Orbital Command  
  18  1:41  Marine  
  19  1:59  Marine  
  19  2:00  Barracks, Marine  
  21  2:10  SCV  
  22  2:17  Refinery, Marine  
  22  2:18  Marine x2  
  25  2:32  Supply Depot  
  25  2:35  Marine x2  
  25  2:36  Marine  
  28  2:47  Marine  
  30  2:52  Marine  
  30  2:53  Marine  
  30  2:54  Marine  
  30  2:56  SCV  
  33  3:01  Supply Depot  
  33  3:05  Marine  
  34  3:10  Marine  
  34  3:11  Marine  
  36  3:15  Marine  
  37  3:22  Marine  
  38  3:28  Marine  
  38  3:29  Marine  
  38  3:30  Factory  
  38  3:33  Marine  
  41  3:53  Marine x3  
  44  4:11  Marine x3  
Show
View Real Time Build Order
Export as new Build Order

qqq Zerg - Winner!

Build Orders: Hatch First 

Get SALT Encoding   

  12  0:06  Drone  
  13  0:09  Drone  
  14  0:37  Hatchery  
  13  0:52  Extractor  
  13  0:55  Spawning Pool  
  11  0:58  Drone  
  12  1:08  Overlord  
  12  1:13  Drone  
  13  1:18  Drone  
  14  1:27  Drone  
  15  1:33  Drone  
  16  1:45  Queen  
  18  1:50  Zergling x2  
  19  1:58  Metabolic Boost  
  19  2:01  Drone  
  19  2:05  Zergling x2  
  21  2:09  Zergling x2  
  22  2:18  Zergling x2  
  22  2:20  Overlord  
  24  2:22  Zergling x2  
  24  2:37  Zergling x4  
  24  2:38  Zergling x4  
  28  2:46  Zergling x2  
  29  2:56  Zergling x4  
  29  2:57  Zergling x4  
  33  3:00  Overlord  
  33  3:10  Zergling x2  
  33  3:11  Zergling x4  
  36  3:23  Drone  
  36  3:24  Zergling x2  
  37  3:35  Zergling x6  
  40  3:43  Zergling x2  
  40  3:44  Zergling x2  
  40  3:45  Zergling x2  
  43  3:53  Drone  
  41  4:03  Zergling x4  
Show
View Real Time Build Order
Export as new Build Order

nOx Zerg 

Build Orders: Pool First 

Get SALT Encoding   

  12  0:02  Drone  
  13  0:10  Drone  
  14  0:17  Overlord  
  14  0:35  Drone  
  14  0:36  Drone  
  16  0:43  Spawning Pool  
  16  0:45  Drone  
  16  0:52  Drone  
  17  0:57  Extractor  
  17  0:58  Drone  
  17  1:19  Hatchery  
  17  1:22  Drone  
  17  1:25  Drone  
  18  1:30  Drone  
  19  1:38  Queen  
  21  1:44  Overlord  
  21  1:54  Zergling x2  
  22  2:07  Zergling x2  
  23  2:17  Queen  
  25  2:23  Zergling x2  
  25  2:24  Overlord  
  26  2:32  Queen  
  26  2:34  Overlord  
  28  2:39  Drone  
  28  2:43  Metabolic Boost  
  29  2:48  Extractor  
  28  2:52  Drone x3  
  28  2:55  Drone  
  32  3:08  Lair  
  32  3:14  Zergling x2  
  32  3:15  Zergling x4  
  35  3:23  Spine Crawler  
  34  3:30  Zergling x4  
  34  3:31  Zergling x4  
  38  3:42  Overlord  
  38  3:54  Overlord x3  
  32  4:03  Zergling x6  
  32  4:09  Zergling x4  
  31  4:13  Zergling x2  
Show
View Real Time Build Order
Export as new Build Order

Shadow Terran 

Build Orders:  

Get SALT Encoding   

  12  0:01  SCV  
  13  0:13  SCV  
  14  0:22  Supply Depot  
  14  0:25  SCV  
  15  0:44  Barracks  
  15  0:45  SCV  
  16  0:56  Barracks  
  16  0:58  SCV  
  17  1:04  Refinery  
  17  1:12  Supply Depot  
  17  1:14  SCV  
  18  1:26  SCV  
  19  1:38  SCV  
  20  1:49  Reaper  
  20  1:53  Refinery  
  21  2:07  Reaper, Command Center  
  22  2:18  Orbital Command  
  22  2:21  Marine  
  23  2:40  Factory  
  23  2:47  Marine x2  
  23  2:50  SCV  
  26  3:02  SCV  
  26  3:05  Marine x2  
  28  3:38  Marine  
  28  3:39  Marine  
  28  3:41  Hellion  
  31  3:47  Supply Depot  
  31  3:56  Marine x2  
  31  4:02  Hellion  
Tags
 
Add a new tag
Caveats
  • Supply blocks, unpowered buildings, or Contaminate may cause inaccurate times.
  • Supply counts are checked every 10 seconds.